 Dungeon Crawl Stone Soup version 0.23-a0-650-ga4d50d4 (webtiles) character file.

37851 tilp the Impaler (level 13, -9/159 HPs)
             Began as a Merfolk Ice Elementalist on Jan 3, 2019.
             Was an Elder of Makhleb.
             Mangled by a spiny frog (11 damage)
             ... on level 6 of the Lair of Beasts.
             The game lasted 01:21:05 (24249 turns).

tilp the Impaler (Merfolk Ice Elementalist)        Turns: 24249, Time: 01:21:07

Health: -9/159     AC: 26    Str:  8    XL:     13   Next: 99%
Magic:  22/22      EV:  2    Int: 18    God:    Makhleb [****..]
Gold:   166        SH:  0    Dex: 16    Spells: 10/24 levels left

rFire    + . .     SeeInvis .   a - +3 halberd (freeze)
rCold    + . .     Gourm    .   (shield currently unavailable)
rNeg     + + +     Faith    +   (armour currently unavailable)
rPois    +         Spirit   .   (helmet currently unavailable)
rElec    .         Reflect  .   (cloak currently unavailable)
rCorr    .         Harm     .   (gloves currently unavailable)
MR       .....     NoTele   +   (boots currently unavailable)
Stlth    +++.......             v - amulet of faith
HPRegen  0.36/turn              w - ring of Free Expression {rF+ rN+ Slay+2 Stlth+}
MPRegen  0.18/turn              H - ring of protection from cold

@: lethally poisoned (-9 -> -11), tree-form, very slightly contaminated, slowed,
very slow
A: (change form in water), (swift swim), (stealthy swim)
a: Minor Destruction, Lesser Servant of Makhleb, Major Destruction, Renounce
Religion


You were on level 6 of the Lair of Beasts.
You worshipped Makhleb.
Makhleb was greatly pleased with you.
You were not hungry.
You were a tree.
You visited 4 branches of the dungeon, and saw 20 of its levels.

You collected 1036 gold pieces.
You spent 870 gold pieces at shops.

Inventory:

Hand Weapons
 a - a +3 halberd of freezing (weapon)
 b - a +2 scimitar of flaming
 J - a +5 blowgun
 Y - a +1 glaive
Missiles
 K - 2 tomahawks
 S - 8 javelins of returning (quivered)
 X - a throwing net
Armour
 o - a +2 pair of gloves (melded)
 q - a +0 leather armour (melded)
 r - a +2 helmet (melded)
 s - a +1 pair of boots (melded)
 I - a +1 cloak (melded)
Magical Staves
 B - an uncursed staff of wizardry
 P - a cursed staff of poison {unknown}
Jewellery
 f - an uncursed ring of wizardry {unknown}
 v - an amulet of faith (around neck)
 w - the ring of Free Expression (left branch) {rF+ rN+ Slay+2 Stlth+}
   (You bought it in a shop on level 11 of the Dungeon)

   [ring of positive energy]

   It affects your accuracy and damage with ranged weapons and melee attacks
   (+2).
   It protects you from fire.
   It protects you from negative energy.
   It makes you more stealthy.
 D - an uncursed ring of see invisible {unknown}
 H - a ring of protection from cold (right branch)
 N - an uncursed ring of fire
 V - an uncursed amulet of magic regeneration
Wands
 l - a wand of scattershot (4)
 u - a wand of digging (11)
 M - a wand of paralysis (3)
 R - a wand of iceblast (24)
 W - a wand of disintegration (32)
Scrolls
 d - 6 scrolls of remove curse
 e - 3 scrolls of amnesia
 j - a scroll of enchant weapon
 m - 5 scrolls of teleportation
 p - 2 scrolls of fear {unknown}
 y - a scroll of fog {unknown}
 L - 2 scrolls of magic mapping
 U - a scroll of silence {unknown}
Potions
 g - 5 potions of flight
 h - 2 potions of lignification
 n - 6 potions of might
 t - 3 potions of magic
 z - 3 potions of haste
 A - a potion of agility
 C - 2 potions of brilliance
 E - a potion of ambrosia
 F - a potion of invisibility
 Q - 3 potions of mutation
Miscellaneous
 Z - a phantom mirror
Comestibles
 c - 21 rations
 x - 10 chunks of flesh


   Skills:
 + Level 11.2 Fighting
 - Level 16.0 Polearms
 - Level 6.0 Dodging
 - Level 2.1 Stealth
   Level 4.0 Shields
 - Level 6.0 Spellcasting
 - Level 2.0 Conjurations
 - Level 4.0 Charms
 + Level 12.9 Ice Magic
 - Level 5.0 Invocations
 - Level 8.0 Evocations


You had 10 spell levels left.
You knew the following spells:

 Your Spells              Type           Power        Failure   Level  Hunger
a - Freeze                Ice            ####         1%          1    None
b - Throw Frost           Conj/Ice       ####..       1%          2    None
c - Ozocubu's Armour      Chrm/Ice       #####...     1%          3    ##.....
d - Throw Icicle          Conj/Ice       ####....     5%          4    ####...
e - Summon Ice Beast      Ice/Summ       ####....     9%          4    ####...

Your spell library contained the following spells:

 Spells                   Type           Power        Failure   Level  Hunger
 Magic Dart               Conj           ##..         5%          1    None
 Searing Ray              Conj           ##....       8%          2    None
 Dazzling Spray           Conj/Hex       #.....       24%         3    ##.....
 Recall                   Summ/Tloc      N/A          34%         3    ##.....
 Iskenderun's Mystic Bla  Conj           ##......     45%         4    ####...
 Force Lance              Conj/Tloc      #.......     61%         4    ####...
 Fulminant Prism          Conj/Hex       #.........   61%         4    ####...
 Animate Dead             Necr           N/A          75%         4    ####...
 Simulacrum               Ice/Necr       ####......   77%         6    #######
 Borgnjor's Vile Clutch   Necr/Erth      #.........   97%         5    #####..
 Death Channel            Necr           #.........   100%        6    #######


Dungeon Overview and Level Annotations

Branches:
Dungeon (11/15)            Temple (1/1) D:7            Lair (6/6) D:8
  Swamp (0/4) Lair:4        Snake (0/4) Lair:4        Slime (0/5) Lair:5
    Orc (2/2) D:10
    Elf: Orc:2

Altars:
Cheibriados
Gozag
Kikubaaqudgha
Makhleb
Nemelex Xobeh
Okawaru
Qazlal
Ru
Sif Muna
Trog
Uskayaw
Vehumet
Wu Jian
Xom
Yredelemnul
Zin
The Shining One
Jiyva

Shops:
D:4 ?   D:6 !   D:7 !   D:11 ((==

Portals:
Gauntlet: Orc:2

Annotations:
D:10 2 transporters, DrClinical's ghost, novice HOFi
Lair:5 exclusion: 3 oklob plants
Orc:2 cyclops, sorcerer, high priest


Message History

The wolf spider bites you.
* * * LOW HITPOINT WARNING * * *
The spiny frog stings you.
* * * LOW HITPOINT WARNING * * *
The guardian serpent hits you.
* * * LOW HITPOINT WARNING * * *
The wolf spider hits you but does no damage.
The wolf spider bites you.
* * * LOW HITPOINT WARNING * * *
The spiny frog stings you.
* * * LOW HITPOINT WARNING * * *
The guardian serpent hits you but does no damage.
Unknown command.
* * * LOW HITPOINT WARNING * * *
You feel sick.
The wolf spider hits you but does no damage.
The wolf spider bites you but does no damage.
The guardian serpent coils itself and waves its upper body at you.
The bolt of poison hits you! You resist. The spiny frog stings you!
You die...

.....P...P# #............##
.......#PP# #3P........[##
..........# ###......÷...###
.....÷....## ##..........#.#
....†÷<....# ### ##P...........##
.........P####.###..............#
.......#...##...P..#.............
.......###......FS......#........
.......# #.....s♣......P##.......
..#.#.###..............####......
#.##### ###............# ##P....
. #.#.........## ####.#
##........##.# #.# ###.....## ##
### #######


You could see a wolf spider, a guardian serpent and a spiny frog.

Vanquished Creatures
  2 hydras
  2 two-headed ogres
  Erica (D:8)
  2 death yaks
  An unseen horror (D:9)
  A faun (shapeshifter) (D:10)
  Joseph (D:7)
  4 black mambas
  6 elephants (Lair:5)
  6 spiny frogs
  A gargoyle (D:11)
  5 komodo dragons
  A rime drake (Lair:6)
  A freezing wraith (D:11)
  A troll (D:11)
  A polar bear (Lair:4)
  2 hornets (Lair:5)
  2 dream sheep (Lair:5)
  Prince Ribbit (D:5)
  17 blink frogs
  2 bog bodies (Lair:4)
  5 hippogriffs
  2 redbacks (Lair:6)
  34 yaks
  A human (D:8)
  6 wyverns
  4 hogs (D:8)
  A basilisk (Lair:4)
  A hungry ghost (D:10)
  3 swamp worms (Lair:4)
  A naga (Lair:4)
  7 porcupines
  12 water moccasins
  8 orc warriors
  A sky beast (D:11)
  2 ice beasts
  3 black bears
  An eye of draining (D:10)
  A phantom (D:7)
  6 wolves (Lair:2)
  14 centaurs
  6 ogres
  7 crocodiles
  19 bullfrogs
  A gnoll sergeant (D:8)
  A scorpion (D:8)
  6 killer bees
  13 wights
  A howler monkey (D:10)
  An electric eel (Lair:4)
  A crimson imp (D:6)
  3 quasits
  2 bullfrog zombies (D:11)
  A gnoll shaman (D:4)
  3 hounds
  2 jellies
  2 orc priests (D:11)
  A bullfrog skeleton (D:9)
  3 centaur skeletons
  Natasha (thrice) (D:2)
  2 iguanas
  10 orc wizards
  5 worker ants
  A hound zombie (D:10)
  A worker ant zombie (D:9)
  10 gnolls
  7 adders
  2 shadow imps
  2 oozes
  An adder zombie (D:7)
  3 worms
  A dart slug (D:1)
  5 leopard geckos
  36 orcs
  6 bats
  4 giant cockroaches
  5 goblins
  11 hobgoblins
  2 jackals (D:4)
  7 quokkas
  2 ball pythons
  5 frilled lizards
  12 kobolds
  7 rats
396 creatures vanquished.

Vanquished Creatures (collateral kills)
  A hydra (Lair:1)
  Sonja (Lair:4)
  A black mamba (Lair:1)
  A rime drake (Lair:6)
  4 blink frogs
  2 dream sheep (Lair:5)
  2 yaks
  2 wyverns
  2 basilisks
  3 water moccasins
  A porcupine (Lair:5)
  A jelly (Lair:5)
21 creatures vanquished.

Vanquished Creatures (others)
  A human (D:2)
  37 fungi
  28 plants
66 creatures vanquished.

Grand Total: 483 creatures vanquished

Notes
Turn   | Place    | Note
-------+----------+-------------------------------------------
     0 | D:1      | tilp the Merfolk Ice Elementalist began the quest for the
                  | Orb.
     0 | D:1      | Reached XP level 1. HP: 13/13 MP: 3/3
   247 | D:1      | Reached XP level 2. HP: 5/19 MP: 3/5
  1184 | D:1      | Reached XP level 3. HP: 24/24 MP: 4/6
  1409 | D:1      | Learned a level 2 spell: Throw Frost
  1413 | D:1      | Learned a level 3 spell: Ozocubu's Armour
  1791 | D:2      | Reached skill level 5 in Ice Magic
  2030 | D:2      | Noticed Natasha
  2037 | D:2      | Killed Natasha
  2037 | D:2      | Reached XP level 4. HP: 20/30 MP: 2/7
  2275 | D:2      | Found an ancient bone altar of Kikubaaqudgha.
  2282 | D:2      | Noticed a human
  2283 | D:2      | Killed a human
  2356 | D:2      | Noticed Natasha
  2363 | D:2      | Killed Natasha
  2363 | D:2      | Reached XP level 5. HP: 34/35 MP: 3/8
  2429 | D:2      | Noticed Natasha
  2439 | D:2      | Killed Natasha
  2546 | D:2      | Reached skill level 1 in Fighting
  3630 | D:4      | Noticed an ogre
  3773 | D:4      | Got a brightly glowing robe
  3933 | D:4      | Reached XP level 6. HP: 36/44 MP: 6/9
  4160 | D:4      | Found Nooconko's Magic Scroll Boutique.
  4334 | D:4      | Bought a scroll of identify for 20 gold pieces
  4334 | D:4      | Bought a scroll of enchant armour for 75 gold pieces
  4334 | D:4      | Bought a scroll of identify for 20 gold pieces
  4336 | D:4      | Identified the +1 robe "Weubeeb" {+Fly rPois Int-3} (You
                  | found it on level 4 of the Dungeon)
  4926 | D:4      | Reached XP level 7. HP: 39/50 MP: 3/12
  5102 | D:5      | Entered Level 5 of the Dungeon
  5117 | D:5      | Found a basalt altar of Yredelemnul.
  5888 | D:6      | Noticed Prince Ribbit
  5901 | D:5      | Killed Prince Ribbit
  6030 | D:6      | Reached XP level 8. HP: 56/56 MP: 8/14
  6034 | D:6      | Reached skill level 2 in Polearms
  6034 | D:6      | Reached skill level 1 in Shields
  6148 | D:6      | Found Ytul's Distillery.
  6160 | D:6      | Bought a potion of degeneration for 14 gold pieces
  6260 | D:6      | Reached skill level 3 in Polearms
  6328 | D:6      | Reached skill level 4 in Polearms
  6831 | D:5      | Reached skill level 5 in Polearms
  7379 | D:7      | Reached skill level 6 in Polearms
  7567 | D:7      | Found a staircase to the Ecumenical Temple.
  7574 | D:7      | Found Neosm's Distillery.
  7577 | Temple   | Entered the Ecumenical Temple
  7625 | Temple   | Became a worshipper of Makhleb the Destroyer
  7666 | D:7      | Reached skill level 7 in Polearms
  7698 | D:7      | Reached XP level 9. HP: 31/61 MP: 15/15
  7853 | D:7      | Bought a potion of might for 44 gold pieces
  7897 | D:7      | Reached skill level 8 in Polearms
  8132 | D:7      | Noticed Joseph
  8422 | D:5      | Reached skill level 9 in Polearms
  8931 | D:7      | Killed Joseph
  8931 | D:7      | Reached skill level 10 in Polearms
  9948 | D:4      | Bought a scroll of enchant armour for 75 gold pieces
  9948 | D:4      | Bought a scroll of magic mapping for 35 gold pieces
 10096 | D:8      | Reached skill level 11 in Polearms
 10259 | D:8      | Found a staircase to the Lair.
 10368 | D:8      | Reached skill level 12 in Polearms
 10642 | D:8      | Reached skill level 13 in Polearms
 10660 | D:8      | Reached XP level 10. HP: 46/67 MP: 16/16
 10692 | D:8      | Reached * piety under Makhleb
 10796 | D:8      | Paralysed by an orc for 2 turns
 10896 | D:8      | Noticed a two-headed ogre
 10973 | D:8      | Killed a two-headed ogre
 10973 | D:8      | Reached skill level 14 in Polearms
 10990 | D:8      | Noticed Erica
 11261 | D:8      | Reached skill level 15 in Polearms
 11706 | D:9      | Reached skill level 16 in Polearms
 11766 | D:9      | Noticed a two-headed ogre
 12152 | D:9      | Killed a two-headed ogre
 12152 | D:9      | Reached skill level 5 in Dodging
 12523 | D:9      | Found a bloodstained altar of Trog.
 12590 | D:9      | Reached XP level 11. HP: 78/78 MP: 17/17
 12670 | D:10     | Entered Level 10 of the Dungeon
 12802 | D:10     | Found a basalt altar of Yredelemnul.
 12806 | D:10     | Found a transporter.
 12821 | D:10     | Noticed a two-headed ogre
 13078 | D:10     | Reached skill level 5 in Fighting
 13082 | D:10     | Noticed a frost giant
 13092 | D:10     | Noticed DrClinical's ghost (novice HOFi)
 13231 | D:10     | Reached ** piety under Makhleb
 13244 | D:10     | Found a staircase to the Orcish Mines.
 13287 | D:10     | Noticed a faun
 13296 | D:10     | Killed a faun
 13317 | D:10     | Found a transporter.
 13453 | D:10     | Reached skill level 1 in Invocations
 13458 | D:10     | Reached skill level 1 in Evocations
 13801 | Lair:1   | Entered Level 1 of the Lair of Beasts
 13815 | Lair:1   | Noticed a six-headed hydra
 13934 | D:9      | Killed an unseen horror
 14202 | D:11     | Found Icoga's Jewellery Emporium.
 14300 | D:11     | Reached skill level 5 in Invocations
 14410 | D:11     | Noticed a death knight
 14410 | D:11     | Noticed a skeletal warrior
 14666 | D:11     | Found Xom Usia's Jewellery Boutique.
 14727 | D:11     | Reached *** piety under Makhleb
 14754 | D:11     | Found Ofeuklu's Antique Armour Boutique.
 14807 | D:11     | Noticed a red ugly thing
 14890 | D:11     | Found Zuclijun's Weapon Emporium.
 14895 | D:11     | Found Geycunol's Weapon Boutique.
 15034 | D:11     | Noticed a green ugly thing
 15101 | Orc:1    | Entered Level 1 of the Orcish Mines
 15193 | Orc:2    | Entered Level 2 of the Orcish Mines
 15193 | Orc:2    | Found a gate leading to a gauntlet.
 15193 | Orc:2    | Noticed an orc high priest
 15193 | Orc:2    | Noticed a cyclops
 15199 | Orc:2    | Noticed an orc sorcerer
 15200 | Orc:2    | Noticed a soul eater
 15569 | Lair:1   | Killed a six-headed hydra
 15633 | Lair:1   | Reached XP level 12. HP: 71/92 MP: 18/18
 15782 | Lair:1   | Reached skill level 10 in Ice Magic
 16176 | Lair:1   | Noticed a four-headed hydra
 16247 | Lair:1   | Killed a four-headed hydra
 17242 | D:8      | Killed Erica
 17851 | Lair:2   | Reached skill level 1 in Conjurations
 17857 | Lair:2   | Learned a level 4 spell: Throw Icicle
 17862 | Lair:2   | Learned a level 4 spell: Summon Ice Beast
 17913 | Lair:2   | Reached skill level 1 in Charms
 18064 | Lair:2   | Noticed a four-headed hydra
 18077 | Lair:2   | Killed a one-headed hydra
 18077 | Lair:2   | Reached skill level 5 in Spellcasting
 18809 | Lair:3   | You fall through a shaft for 2 floors!
 18823 | Lair:4   | Found a staircase to the Snake Pit.
 19905 | Lair:4   | Reached XP level 13. HP: 99/99 MP: 22/22
 20276 | Lair:4   | Reached skill level 5 in Evocations
 20434 | Lair:4   | Noticed Sonja
 20443 | Lair:4   | Killed Sonja
 20832 | Lair:4   | Found a staircase to the Swamp.
 21117 | D:11     | Bought the ring of Free Expression {rF+ rN+ Slay+2 Stlth+}
                  | for 587 gold pieces
 21507 | Lair:5   | Reached skill level 10 in Fighting
 21580 | Lair:5   | Reached **** piety under Makhleb
 21748 | Lair:5   | Found a runed door.
 21759 | Lair:5   | Found a viscous altar of Jiyva.
 21761 | Lair:5   | Found a staircase to the Slime Pits.
 22203 | Lair:6   | Entered Level 6 of the Lair of Beasts
 22759 | Lair:5   | HP: 1/104 [hornet (9)]
 24242 | Lair:6   | HP: 1/106 [spiny frog (23)]
 24248 | Lair:6   | HP: 7/159 [wolf spider (1)]
 24248 | Lair:6   | HP: 3/159 [spiny frog (4)]
 24249 | Lair:6   | Mangled by a spiny frog

Vault maps used:
D:1:      tarquinn_simple_flora_water_e
D:2:      tgw_kikubaaqudgha, uniq_natasha
D:4:      serial_shops, shop, first_ration, nrook_mini_vaults,
          kennysheep_small_spiral
D:5:      yredelemnul_altar_generic
D:6:      minmay_spotlight, serial_shops, shop, uniq_prince_ribbit1
D:7:      temple_fountains, serial_shops, shop, uniq_joseph
D:8:      due_lair_maze_entry_diamond, grunt_livestock, uniq_erica
D:9:      trog_three_pillars_becter
D:10:     david_orc_2, basic_altar, gammafunk_ghost_arena
D:11:     serial_shops, shop_statue, shop,
          nicolae_shop_competitors_out_of_business, shop, nicolae_shop_stone,
          minivault_22
Temple:   regret_index_temple_sigil_plot
Lair:3:   serial_rivers, chequers_serial_rivers_micro_d,
          chequers_serial_rivers_micro_b, chequers_serial_rivers_marsh,
          chequers_serial_rivers_small_3, chequers_serial_rivers_small_3,
          chequers_serial_rivers_room_b, grunt_megastairs_5
Lair:4:   nicolae_swamp_entry_splash_gauntlet, guppyfry_snake_entry_island,
          lemuel_fruit_fields, uniq_sonja
Lair:5:   slime_altar_2, serial_bayou_crossing, minmay_lair_oklob_chamber
Lair:6:   hangedman_lair_tendril_chambers, guppyfry_lair_end_dragon
Orc:1:    serial_shops, nicolae_orc_damp_corner, uniq_snorg
Orc:2:    grunt_orc_community_town_hall, grunt_orc_community_big_house_1,
          grunt_orc_community_big_house_2, grunt_orc_community_house_1,
          grunt_orc_community_house_3, grunt_orc_community_house_1,
          grunt_orc_community_house_2, grunt_orc_community_house_1,
          grunt_orc_community_house_2, gauntlet_entry_generic, basic_altar,
          serial_shops, shop, nicolae_orc_tapped_out, uniq_erolcha

Skill      XL: |  1  2  3  4  5  6  7  8  9 10 11 12 13 |
---------------+----------------------------------------+-----
Ice Magic      | 4 5 6 7 8 9 12 | 12.9
Dodging        | 4 6 |  6.0
Fighting       | 2 4 8 11 | 11.2
Spellcasting   | 3 4 6 |  6.0
Polearms       | 7 13 16 | 16.0
Shields        | 4 |  4.0
Invocations    | 5 |  5.0
Evocations     | 4 8 |  8.0
Conjurations   | 2 |  2.0
Charms         | 4 |  4.0
Stealth        | |  2.1

Action                   |  1- 3 |  4- 6 |  7- 9 | 10-12 | 13-15 || total
-------------------------+-------+-------+-------+-------+-------++-------
Melee: Unarmed           |     1 |       |       |       |       ||     1
       Hand axe          |     7 |       |       |       |       ||     7
       Dagger            |    10 |    42 |       |       |       ||    52
       Trident           |       |     9 |   372 |    62 |       ||   443
       Halberd           |       |       |       |   703 |   386 ||  1089
       Scimitar          |       |       |       |     7 |       ||     7
 Fire: Hunting sling     |       |       |       |     9 |       ||     9
Throw: Stone             |    15 |    30 |    11 |     8 |       ||    64
       Javelin           |       |       |       |       |     1 ||     1
 Cast: Freeze            |    59 |   108 |   103 |    54 |    24 ||   348
       Throw Frost       |       |     2 |     5 |     9 |     3 ||    19
       Ozocubu's Armour  |       |     1 |    19 |    37 |    23 ||    80
       Throw Icicle      |       |       |       |     2 |     8 ||    10
Invok: Lesser Servant of |       |       |       |     9 |    13 ||    22
Evoke: Wand              |       |       |       |     6 |     2 ||     8
  Use: Scroll            |       |    11 |     8 |    10 |     3 ||    32
       Potion            |       |       |       |     2 |     9 ||    11
 Stab: Sleeping          |     2 |     5 |     1 |    10 |     4 ||    22
       Distracted        |       |     1 |       |       |     5 ||     6
       Paralysed         |       |       |       |     7 |     3 ||    10
  Eat: Chunk             |     4 |    11 |    10 |    30 |    14 ||    69
       Ration            |       |       |     3 |     1 |     1 ||     5
Armor: Robe              |     6 |     4 |       |       |       ||    10
       Leather armour    |       |    21 |   122 |   238 |   116 ||   497
       Skin              |       |       |       |       |    14 ||    14
Dodge: Dodged            |    46 |    69 |   200 |   442 |   247 ||  1004
Block: Buckler           |       |       |    45 |    18 |       ||    63
       Rpst.: Scimitar   |       |       |       |     1 |       ||     1

Table legend:
 A = Non-vault XP
 B = Vault XP
 C = Vault XP percentage of total XP
 D = Non-vault monster count
 E = Vault monster count
 F = Vault count percentage of total count
                 A         B        C        D         E       F
            +---------+---------+-------+---------+---------+-------
      Total |   44079 |    9995 |  18.5 |     360 |      57 |  13.7
            +---------+---------+-------+---------+---------+-------
        D:1 |      39 |       0 |   0.0 |      24 |       0 |   0.0
        D:2 |     147 |      36 |  19.7 |      22 |       1 |   4.3
        D:3 |      50 |       0 |   0.0 |      18 |       0 |   0.0
        D:4 |     683 |       0 |   0.0 |      28 |       0 |   0.0
        D:5 |     287 |     264 |  47.9 |       6 |       1 |  14.3
        D:6 |     833 |      35 |   4.0 |      16 |       1 |   5.9
        D:7 |     535 |     667 |  55.5 |      15 |       2 |  11.8
        D:8 |    2027 |    2453 |  54.8 |      24 |      14 |  36.8
        D:9 |    2567 |       0 |   0.0 |      18 |       0 |   0.0
       D:10 |    2270 |     144 |   6.0 |      22 |       6 |  21.4
       D:11 |    4711 |       0 |   0.0 |      38 |       0 |   0.0
     Lair:1 |    5805 |       0 |   0.0 |      23 |       0 |   0.0
     Lair:2 |    3875 |       0 |   0.0 |      20 |       0 |   0.0
     Lair:3 |    1919 |       0 |   0.0 |      10 |       0 |   0.0
     Lair:4 |    3777 |    1839 |  32.7 |      18 |       8 |  30.8
     Lair:5 |   10141 |    1560 |  13.3 |      38 |      10 |  20.8
     Lair:6 |    4016 |    2997 |  42.7 |      13 |      14 |  51.9
      Orc:1 |     394 |       0 |   0.0 |       6 |       0 |   0.0
      Orc:2 |       3 |       0 |   0.0 |       1 |       0 |   0.0
            +---------+---------+-------+---------+---------+-------
